 Dungeon Crawl Stone Soup version 0.16.2-2-g470672f (webtiles) character file.

45 FruitAndGarbage the Firebug (level 3, -3/20 HPs)
             Began as a Deep Elf Fire Elementalist on Aug 26, 2015.
             Slain by a gnoll
             ... wielding a +2 whip of electrocution
              (9 damage)
             ... on level 2 of the Dungeon.
             The game lasted 00:03:30 (1083 turns).

FruitAndGarbage the Firebug (DEFE)                  Turns: 1083, Time: 00:03:30

Health: -3/20      AC:  2    Str:  5    XL:     3   Next: 42%
Magic:  7/11       EV: 13    Int: 20    God:
Gold:   48         SH:  0    Dex: 15    Spells: 3 memorised, 2 levels left

rFire  . . .     SeeInvis .     (no weapon)
rCold  . . .     Clarity  .     a - +0 robe
rNeg   . . .     SustAb   .     (no shield)
rPois  .         Gourm    .     (no helmet)
rElec  .         Spirit   .     (no cloak)
rCorr  .         Warding  .     (no gloves)
rMut   .         Stasis   .     (no boots)
MR     .....                    (no amulet)
Stlth  ++........               (no ring)
                                (no ring)

@: not resistant to hostile enchantments, unstealthy
A: no striking features
a: no special abilities


You were on level 2 of the Dungeon.
You were not hungry.

You visited 1 branch of the dungeon, and saw 2 of its levels.

You collected 48 gold pieces.

Inventory:

Armour
 a - a +0 robe (worn)
Scrolls
 d - a scroll of identify {unknown}
 e - a scroll of fog {unknown}
 f - a scroll of recharging {unknown}
 g - 2 scrolls of teleportation {unknown}
 h - a scroll of enchant armour {unknown}
Books
 b - a book of Flames

   Spells                             Type                      Level
   a - Flame Tongue                   Conjuration/Fire             1
   b - Throw Flame                    Conjuration/Fire             2
   c - Conjure Flame                  Conjuration/Fire             3
   d - Inner Flame                    Hexes/Fire                   3
   e - Sticky Flame                   Conjuration/Fire             4
   f - Fireball                       Conjuration/Fire             5
Comestibles
 c - a bread ration
 i - 5 chunks of flesh


   Skills:
 * Level 0.5 Fighting
 * Level 1.0 Armour
 * Level 2.8 Dodging
 + Level 2.4 Stealth
 + Level 3.4 Spellcasting
 + Level 1.3 Conjurations
 + Level 3.8 Fire Magic


You had 2 spell levels left.
You knew the following spells:

 Your Spells              Type           Power        Failure   Level  Hunger
a - Flame Tongue          Conj/Fire      ##...        6%          1    None
b - Throw Flame           Conj/Fire      ##....       10%         2    ##.....
c - Conjure Flame         Conj/Fire      ##......     17%         3    ###....


Dungeon Overview and Level Annotations

Branches:
Dungeon (2/15)

Altars:
Makhleb
Vehumet


Message History

The gnoll is lightly wounded.
Casting: Flame Tongue
Confirm with . or Enter, or press ? or * to list all spells.
Aiming: Flame Tongue
Press: ? - help, Shift-Dir - straight line, f/p - gnoll
Aim: a gnoll, wielding a whip of electrocution (lightly wounded)
The flame tongue misses the gnoll.
The gnoll hits you with a whip of electrocution.
You are electrocuted!
Ouch! That really hurt!
* * * LOW HITPOINT WARNING * * *
Casting: Flame Tongue
Confirm with . or Enter, or press ? or * to list all spells.
Aiming: Flame Tongue
Press: ? - help, Shift-Dir - straight line, f/p - gnoll
Aim: a gnoll, wielding a whip of electrocution (lightly wounded)
The flame tongue hits the gnoll.
The gnoll is almost dead.
The gnoll hits you with a whip of electrocution!
You die...

...#.###.#.....
#.#.##._....#.#
#.............#
###.#..........
#.....#.###..##
#.#.###.###....
#.#..##........
######....#..##.##.#
#..@..#####.g#.....#
#.#g..# #..#.##.##
#†#...# ###..._....#
######)#...# #....#.#..##
#....#.#...+ #.........+
##### #.##.#.#...#
#......ggg# #<..#
#.##.#.#...............#
###.#
#..#...#..............r..
#.#
##.#####................8


You could see a gnoll.

Vanquished Creatures
  A gnoll (D:2)
  2 giant geckos (D:1)
  A bat (D:1)
  3 giant cockroaches
  3 hobgoblins (D:1)
  3 kobolds (D:1)
  A quokka (D:2)
  2 giant newts (D:1)
  4 goblins (D:1)
  4 jackals (D:1)
  7 rats
31 creatures vanquished.

Notes
Turn   | Place    | Note
--------------------------------------------------------------
     0 | D:1      | FruitAndGarbage, the Deep Elf Fire Elementalist, began the quest for the Orb.
     0 | D:1      | Reached XP level 1. HP: 10/10 MP: 5/5
   180 | D:1      | Reached XP level 2. HP: 15/15 MP: 6/8
   187 | D:1      | Learned a level 2 spell: Throw Flame
   519 | D:1      | Reached skill level 1 in Armour
   711 | D:1      | Reached XP level 3. HP: 19/19 MP: 8/11
   716 | D:1      | Learned a level 3 spell: Conjure Flame
   996 | D:2      | Found a radiant altar of Vehumet.
  1012 | D:2      | Found a burning altar of Makhleb.
  1083 | D:2      | Slain by a gnoll

Action                   || total
-------------------------++-------
 Cast: Flame Tongue      ||    60
  Use: Potion            ||     1
